[Event "Late-Titled-Tuesday-Blitz-February-06-2024"]
[Site "Chess.com"]
[Date "2024.02.06"]
[Round "6"]
[White "tgpgoat"]
[Black "OYAcosta"]
[Result "1-0"]
[WhiteElo "2461"]
[BlackElo "2183"]
[TimeControl "180+1"]
[EndTime "15:06:35 PST"]
[Termination "tgpgoat won on time"]

1. Nf3 d5 2. b3 Nf6 3. Bb2 Bf5 4. e3 e6 5. Be2 c6 6. O-O h6 7. c4 Nbd7 8. d4 Bd6 9. Ne5 Qc7 10. f4 O-O 11. Nc3 Ne4 12. Rc1 f6 13. Nf3 Qb8 14. cxd5 exd5 15. Nxe4 Bxe4 16. Bd3 Re8 17. Bxe4 Rxe4 18.
Qd3 Qe8 19. Rce1 Qh5 20. Nd2 Re7 21. e4 Rae8 22. e5 Bb4 23. Re3 fxe5 24. Rh3 e4 25.
Nxe4 dxe4 26. Qc4+ Qd5 27. Qxb4 e3 28. Re1 Nf6 29.
Qc3 Re4 30. Rhxe3 Ng4 31. Rxe4 Rxe4 32. Rxe4 Qxe4 33. d5 Qb1+ 34. Bc1 cxd5 35. Qc8+ Kh7 36. Qxg4 Qxc1+ 37. Kf2 Qc2+ 38. Kg3 Qc3+ 39. Qf3 Qe1+ 40.
Qf2 Qc3+ 41. Qf3 d4 42. Kf2 Qc2+ 43. Kg3 Qf5 44. Kf2 d3 45. Ke1 b6 46. Kd2 a5 47.
Qxd3 Kg6 48. g4 Qxd3+ 49. Kxd3 h5 50. h3 Kf6 51. Kd4 hxg4 52. hxg4 g6 53. Kd5 g5 54. fxg5+ Kxg5 55. Kc6 1-0

[Event "Late-Titled-Tuesday-Blitz-February-06-2024"]
[Site "Chess.com"]
[Date "2024.02.06"]
[Round "6"]
[White "Godzillator"]
[Black "GoValya"]
[Result "0-1"]
[WhiteElo "2390"]
[BlackElo "2291"]
[TimeControl "180+1"]
[EndTime "15:06:36 PST"]
[Termination "GoValya won on time"]

1. Nf3 Nf6 2. d4 g6 3. b3 d5 4. Bb2 Bg7 5. e3 O-O 6. Bd3 b6 7. O-O Bb7 8. Nbd2 Nbd7 9. a4 c5 10. a5 Rc8 11. axb6 axb6 12. Ra7 Bc6 13. Qa1 Ne4 14.
dxc5 Bxb2 15. Qxb2 bxc5 16. Rfa1 Rb8 17. Bxe4 dxe4 18. Ng5 Nf6 19. Nc4 h6 20. Ne5 Bd5 21. Nh3 g5 22. Qc3 Be6 23. Nc6 Qd6 24. Nxe7+ Kg7 25. Kh1 Rfe8 26. R1a6 Qd1+ 27. Ng1 Rbd8 28. h4 gxh4 29. Nc6 Rd2 30. Ne5 Rxf2 31. Rxe6 Rxe6 32. Rxf7+ Kg8 33. Rxf6 Rexf6 34. Ng4 Qxg4 35. Qc4+ Kg7 0-1

[Event "Late-Titled-Tuesday-Blitz-February-06-2024"]
[Site "Chess.com"]
[Date "2024.02.06"]
[Round "6"]
[White "ChessBrainiacOnTwitch"]
[Black "prime-morty"]
[Result "0-1"]
[WhiteElo "2836"]
[BlackElo "2594"]
[TimeControl "180+1"]
[EndTime "15:06:37 PST"]
[Termination "prime-morty won on time"]

1. Nf3 Nf6 2. e3 d5 3. c4 c6 4. b3 Bg4 5. Bb2 e6 6. Nc3 Nbd7 7. Be2 Bd6 8. d4 O-O 9. O-O Ne4 10. Nxe4 dxe4 11. Nd2 Bxe2 12. Qxe2 f5 13. Rad1 Qh4 14. g3 Qh3 15. f3 Nf6 16. fxe4 fxe4 17. Qg2 Qxg2+ 18.
Kxg2 Ng4 19. Rde1 Bb4 20. Bc1 Rxf1 21. Kxf1 Nxh2+ 22. Kg2 Bxd2 23. Bxd2 Ng4 24. Bb4 a5 25. Bd6 a4 26. b4 Rd8 27. c5 Rd7 28. Kh3 h5 29.
Bf4 Rf7 30. Kh4 Rf5 31. Rb1 Nh2 32. b5 g5+ 33. Kh3 gxf4 34. Kxh2 fxe3 35. bxc6 bxc6 36.
Re1 Rf3 37. Kh3 Kg7 38. Kh4 Kg6 39. a3 Rf2 40. g4 Rf4 41. Rxe3 Rxg4+ 42. Kh3 Kf5 43. Re1 Kf4 44. Rb1 e3 45. Rb4 Kf3 46.
d5 Rxb4 47. dxc6 Rc4 0-1

[Event "Late-Titled-Tuesday-Blitz-February-06-2024"]
[Site "Chess.com"]
[Date "2024.02.06"]
[Round "6"]
[White "HalfIsCrayfish"]
[Black "Alex_Sahakyan2006"]
[Result "0-1"]
[WhiteElo "2580"]
[BlackElo "2880"]
[TimeControl "180+1"]
[EndTime "15:06:39 PST"]
[Termination "Alex_Sahakyan2006 won on time"]

1. Nc3 Nc6 2. e4 e5 3. g3 h5 4. h3 Bc5 5. d3 d6 6. Nge2 Qf6 7.
f4 h4 8. Nd5 Qd8 9. g4 Nge7 10.
Nxe7 Nxe7 11. d4 exd4 12. Nxd4 Nc6 13. Be3 Qf6 14. c3 g5 15. fxg5 Qe5 16. Qd2 Bd7 17. O-O-O O-O-O 18. Bg2 Na5 19. Bf4 Qe7 20. Nf5 Qe6 21. Qd5 Qe8 22. b4 Be6 23. Qd3 Bxa2 24. bxa5 Bb3 25. Qb1 Qa4 26. Rd4 Bxd4 27. Nxd4 Bc4 28. e5 d5 29. Qb2 c5 30. Nc2 Qxa5 31. Na3 Ba6 32. Rd1 d4 33. Nb1 d3 34. Bf1 c4 35. Bg2 Rhe8 36. Nd2 Re6 37. Qb4 Qa1+ 38. Nb1 Rb6 0-1

[Event "Late-Titled-Tuesday-Blitz-February-06-2024"]
[Site "Chess.com"]
[Date "2024.02.06"]
[Round "6"]
[White "IranianCheetah"]
[Black "thesupera12"]
[Result "1-0"]
[WhiteElo "2362"]
[BlackElo "2501"]
[TimeControl "180+1"]
[EndTime "15:06:39 PST"]
[Termination "IranianCheetah won by checkmate"]

1. e4 c5 2. Nf3 g6 3. d4 cxd4 4. Qxd4 Nf6 5. e5 Nc6 6. Qa4 Nd5 7. Qe4 Ndb4 8. Bb5 a6 9. Bxc6 Nxc6 10. Nc3 Bg7 11.
Bf4 O-O 12. O-O-O Qa5 13. Rd5 Qb4 14. a3 Qxe4 15. Nxe4 b5 16. Rhd1 b4 17. a4 Rb8 18.
Nc5 b3 19. c3 d6 20. exd6 exd6 21. Rxd6 Na5 22. Nxa6 Ra8 23. Nc5 Nc4 24. R6d4 Bxd4 25. Rxd4 Nb6 26. Bc7 Nxa4 27. Rxa4 Rxa4 28. Nxa4 Bb7 29.
Nc5 Bc6 30. Nxb3 Re8 31. Nbd4 Bd5 32. Kd2 Kg7 33. b3 h6 34. c4 Bb7 35. c5 g5 36. c6 Bc8 37. b4 g4 38. Ne5 f6 39.
Nc4 Re7 40. Bd6 Ra7 41. b5 Ra4 42. Kc3 h5 43. Nb6 Ra1 44. Nxc8 Rc1+ 45. Nc2 Rb1 46. b6 h4 47. b7 g3 48. hxg3 h3 49. gxh3 f5 50.
Bb4 f4 51. gxf4 Rxb4 52. Nxb4 Kf6 53. b8=Q Kf5 54. Qe5+ Kg6 55. Qg5+ Kf7 56. f5 Ke8 57. Qe7# 1-0

[Event "Late-Titled-Tuesday-Blitz-February-06-2024"]
[Site "Chess.com"]
[Date "2024.02.06"]
[Round "6"]
[White "TimGrutter03"]
[Black "ContrVersia"]
[Result "0-1"]
[WhiteElo "2603"]
[BlackElo "2848"]
[TimeControl "180+1"]
[EndTime "15:06:42 PST"]
[Termination "ContrVersia won by checkmate"]

1. Nf3 d5 2. c4 d4 3. e3 c5 4. exd4 cxd4 5. d3 Nc6 6. g3 e5 7.
Bg2 Bd6 8. O-O Nge7 9. Re1 O-O 10. c5 Bc7 11. Nbd2 Be6 12. a3 a5 13. Qc2 a4 14.
Nc4 f6 15. Bd2 Qd7 16. Rab1 Bd5 17. b4 axb3 18. Rxb3 Ra7 19. Reb1 Nd8 20. Bb4 Nec6 21. Nfd2 Bxg2 22. Kxg2 Qd5+ 23. Kg1 f5 24. Nb6 Qf7 25. Qc4 Ne6 26. Nd5 Bb8 27. Re1 h5 28. Nf3 e4 29.
Nd2 Ne5 30. Qb5 Ng5 31. dxe4 fxe4 32. Nf4 Nef3+ 33. Nxf3 Nxf3+ 34. Rxf3 exf3 35. c6 bxc6 36. Qxc6 Rd8 37. Qxf3 Bxf4 38. gxf4 d3 39. Rd1 Rad7 40. Ba5 Re8 41. f5 Rd5 42. Bb4 Rxf5 43. Qxd3 Rxf2 44.
Qg3 Rf6 45. Kh1 Rg6 46. Qd6 Qf3# 0-1

[Event "Late-Titled-Tuesday-Blitz-February-06-2024"]
[Site "Chess.com"]
[Date "2024.02.06"]
[Round "6"]
[White "Attacker_2006"]
[Black "BeardedNM"]
[Result "1-0"]
[WhiteElo "2492"]
[BlackElo "2251"]
[TimeControl "180+1"]
[EndTime "15:06:43 PST"]
[Termination "Attacker_2006 won by checkmate"]

1. e4 e6 2. d4 d5 3. exd5 exd5 4. Nf3 Bd6 5. Bd3 Nc6 6. h3 Nge7 7. O-O Bf5 8. Re1 Bxd3 9. Qxd3 f6 10. c3 Qd7 11. b4 O-O 12. a4 Rae8 13. Na3 Nd8 14. Be3 Ne6 15. Nb5 Bf4 16. Nxa7 c6 17. b5 Bb8 18. b6 Nf4 19. Bxf4 Bxf4 20. a5 Ng6 21. a6 Bb8 22. Re3 Nf4 23. Qf1 Rxe3 24. fxe3 Nh5 25. c4 Re8 26. Qd3 Ng3 27. c5 Ne4 28. axb7 Qxb7 29. Qa6 Qd7 30. Qa4 Re6 31.
Qa6 f5 32. Ne5 Bxe5 33. dxe5 d4 34. Qc8+ Qxc8 35. Nxc8 dxe3 36. b7 Nd2 37. b8=Q e2 38. Nd6+ Re8 39. Qxe8# 1-0

[Event "Late-Titled-Tuesday-Blitz-February-06-2024"]
[Site "Chess.com"]
[Date "2024.02.06"]
[Round "6"]
[White "SaqoChess_Twitch"]
[Black "MikaelyanArman"]
[Result "0-1"]
[WhiteElo "2651"]
[BlackElo "2862"]
[TimeControl "180+1"]
[EndTime "15:06:44 PST"]
[Termination "MikaelyanArman won by checkmate"]

1. d4 Nf6 2. c4 d6 3. Nc3 e5 4. Nf3 Nbd7 5. e4 g6 6. Be2 Bg7 7. O-O O-O 8. d5 Nc5 9. Qc2 a5 10. b3 Nh5 11. Ne1 Nf4 12. Nd3 Ncxd3 13. Bxd3 Qh4 14.
g3 Qh5 15. Be2 Nxe2+ 16. Qxe2 Bg4 17. f3 Bh3 18. g4 Bxf1 19. Qxf1 Qh4 20. Be3 Bh6 21. Bf2 Qe7 22. h4 f5 23. exf5 gxf5 24. g5 Bg7 25. Re1 e4 26. Nb5 Rae8 27. Nd4 Qf7 28. Ne6 Rxe6 29. dxe6 Qxe6 30. fxe4 fxe4 31. Qg2 Rf4 32. Kh2 Be5 33. Kh1 Qf5 34. Bg3 Rg4 35. Rf1 Qc8 36. Qf2 Rxg3 37. Qf7+ Kh8 38. Rf5 Qg8 39. Qe7 Rf3 40. Qd7 Rxf5 41. Qxf5 e3 42. Qe4 Qf7 43. Qxe3 Qf1+ 44. Qg1 Qh3+ 45. Qh2 Qxh2# 0-1

[Event "Late-Titled-Tuesday-Blitz-February-06-2024"]
[Site "Chess.com"]
[Date "2024.02.06"]
[Round "6"]
[White "Supergiuly"]
[Black "Bala-Afiada"]
[Result "1/2-1/2"]
[WhiteElo "2311"]
[BlackElo "2026"]
[TimeControl "180+1"]
[EndTime "15:06:44 PST"]
[Termination "Game drawn by repetition"]

1. g3 c6 2. Bg2 d5 3. Nf3 Nf6 4. d3 Bg4 5. O-O Nbd7 6. h3 Bh5 7. Nbd2 e5 8. e4 dxe4 9. dxe4 Be7 10. Nc4 Qc7 11.
Re1 O-O 12. Bg5 Rad8 13. Qe2 h6 14. Bxf6 Nxf6 15. g4 Bg6 16. Nfxe5 Rd4 17. Nxg6 fxg6 18. c3 Rd7 19. e5 Nd5 20. Bxd5+ Rxd5 21. Rad1 Rfd8 22.
Rxd5 Rxd5 23. Rd1 Qd7 24. Rxd5 Qxd5 25. a3 b5 26. Nd2 Bc5 27. Nf3 a5 28. e6 Be7 29.
Nd4 b4 30. axb4 axb4 31. Qf3 Qxf3 32. Nxf3 bxc3 33. bxc3 Bf6 34. Nd4 Bxd4 35. cxd4 Kf8 36. f4 Ke7 37. f5 gxf5 38. gxf5 g6 39. fxg6 Kxe6 40. h4 h5 41. Kf2 Kf6 42. g7 Kxg7 43. Kf3 Kf7 44. Ke3 Ke7 45. Kd3 Kd7 46. Ke4 Ke6 47.
Ke3 Kd5 48. Kd3 Kd6 49. Kd2 Kd5 50. Kd3 Kd6 51. Ke4 Ke6 52. Kf4 Kf6 53. Ke4 Ke6 1/2-1/2

[Event "Late-Titled-Tuesday-Blitz-February-06-2024"]
[Site "Chess.com"]
[Date "2024.02.06"]
[Round "6"]
[White "igorkovalenko"]
[Black "GMWSO"]
[Result "0-1"]
[WhiteElo "3002"]
[BlackElo "3098"]
[TimeControl "180+1"]
[EndTime "15:06:45 PST"]
[Termination "GMWSO won by resignation"]

1. c4 e5 2. Nc3 Bb4 3. Qb3 Nc6 4. Nd5 a5 5. Nf3 e4 6. Qe3 f5 7. a3 Be7 8. Nd4 Nxd4 9. Qxd4 Nf6 10. Nxe7 Qxe7 11. e3 O-O 12. Be2 c5 13. Qc3 d5 14.
O-O Be6 15. b3 f4 16. exf4 d4 17. Qg3 Bf5 18. d3 Rae8 19. Bd2 exd3 20. Bxd3 Nh5 21. Qf3 Bxd3 22. Qxd3 Nxf4 23. Bxf4 Rxf4 24. Qd2 Qc7 25. b4 b6 26. bxa5 bxa5 27. Rab1 Rf5 28. g3 Qf7 29.
Qc2 h5 30. Rb7 Qf6 31. Rb6 Qf7 32. Rb7 Qf6 33. Rb6 Re6 34. Rb8+ Kh7 35. Rd8 Qg6 36. Rd7 h4 37. Qd3 h3 38. Qd2 Rf3 39. Qd1 Ref6 40.
Rd5 R3f5 41. Rxf5 Qxf5 42. Qe2 Re6 43. Qd2 Qf3 0-1

[Event "Late-Titled-Tuesday-Blitz-February-06-2024"]
[Site "Chess.com"]
[Date "2024.02.06"]
[Round "6"]
[White "edgarhay012"]
[Black "Fandorine"]
[Result "0-1"]
[WhiteElo "2590"]
[BlackElo "2938"]
[TimeControl "180+1"]
[EndTime "15:06:45 PST"]
[Termination "Fandorine won on time"]

1. e4 e5 2. Nf3 Nc6 3. Bb5 a6 4. Ba4 Nf6 5. O-O Be7 6. Bxc6 dxc6 7. d3 Nd7 8. Nbd2 O-O 9. Nc4 f6 10. Nh4 Rf7 11. Nf5 Bf8 12. Qf3 Nc5 13. Bd2 Ne6 14. Rae1 b6 15. Qg3 Kh8 16. Kh1 a5 17. f4 exf4 18. Bxf4 Nxf4 19. Rxf4 g6 20. Nfe3 Be6 21. Ref1 Qe7 22. Rh4 b5 23. Nd2 Qc5 24. Nb3 Qg5 25.
Qf2 c5 26. Nd2 Qe5 27. c3 Qd6 28. Nf3 Re8 29. d4 cxd4 30. Nxd4 Bd7 31. Nd5 Bg7 32.
Qf3 Kg8 33. Ne3 c5 34. Ne2 Bc6 35. Nd5 f5 36. Ng3 Rff8 37. Rd1 fxe4 38. Nxe4 Rxf3 39.
Nxd6 Rd3 0-1

[Event "Late-Titled-Tuesday-Blitz-February-06-2024"]
[Site "Chess.com"]
[Date "2024.02.06"]
[Round "6"]
[White "Szparu"]
[Black "CarrotsandPizza"]
[Result "1-0"]
[WhiteElo "2802"]
[BlackElo "2516"]
[TimeControl "180+1"]
[EndTime "15:06:45 PST"]
[Termination "Szparu won on time"]

1. e4 c5 2. Nf3 Qb6 3. c3 e6 4. d4 d5 5. exd5 exd5 6. Be2 Nc6 7. dxc5 Bxc5 8. O-O Nge7 9. Nbd2 O-O 10. Nb3 Bd6 11. h3 Re8 12. Nfd4 a5 13. Be3 Qd8 14. a4 Ne5 15.
Nb5 Bb8 16. N3d4 Nc4 17. Bxc4 dxc4 18. Qe2 Qd5 19. Rad1 Ra6 20. Nf3 Qc6 21. Rfe1 h6 22. Rd4 Be6 23. Bf4 Nf5 24. Bxb8 Rxb8 25. Rdd1 Rb6 26.
Ne5 Qc8 27. g4 Nh4 28. Nd6 Qc5 29. Ndxc4 Rb3 30. Qe3 Rc8 31. Rd8+ Kh7 32. Rxc8 Qxc8 33.
Qe4+ g6 34. Nd6 Qc7 35. Nexf7 Bxf7 36. Qe7 Qxe7 37. Rxe7 Rxb2 38. Rxf7+ Kg8 39. Rxb7 Ra2 40. c4 Rxa4 41. c5 Ra1+ 42. Kh2 Nf3+ 43. Kg3 Ne5 44. f4 Nc6 45. Rc7 Ra3+ 46. Kh4 Nd4 47. f5 1-0

[Event "Late-Titled-Tuesday-Blitz-February-06-2024"]
[Site "Chess.com"]
[Date "2024.02.06"]
[Round "6"]
[White "guillembaches"]
[Black "vanyakuba"]
[Result "1-0"]
[WhiteElo "2548"]
[BlackElo "2352"]
[TimeControl "180+1"]
[EndTime "15:06:45 PST"]
[Termination "guillembaches won by checkmate"]

1. d4 d5 2. Nf3 c5 3. c3 Nf6 4.
Bg5 Nbd7 5. e3 Ne4 6. Bh4 Qb6 7. Qc1 g6 8. Nbd2 Nxd2 9. Qxd2 Bg7 10. Be2 e6 11.
O-O O-O 12. b4 c4 13. a4 Nf6 14. a5 Qc7 15. Bg3 Qe7 16. Qc2 Bd7 17. Nd2 Nh5 18.
e4 Nxg3 19. hxg3 Bc6 20. Rfe1 b5 21. Bf3 Qd7 22. Re2 a6 23. Rae1 Rad8 24. exd5 Bxd5 25. Bxd5 exd5 26. Nf3 Rfe8 27. Kf1 Rxe2 28. Qxe2 Kf8 29. Qe3 Re8 30. Qf4 Rxe1+ 31. Nxe1 Ke7 32. Qb8 Qe6 33. Qc7+ Ke8 34. f3 h6 35. g4 Bf6 36. Kf2 Bh4+ 37. g3 Bd8 38. Qb7 Kf8 39. Ng2 g5 40. Ne3 Bf6 41. Qxd5 Qe7 42. Nf5 Qe8 43.
Qd6+ Be7 44. Qxh6+ Kg8 45. Qg7# 1-0

[Event "Late-Titled-Tuesday-Blitz-February-06-2024"]
[Site "Chess.com"]
[Date "2024.02.06"]
[Round "6"]
[White "GAusal"]
[Black "ChadBiryani"]
[Result "0-1"]
[WhiteElo "2295"]
[BlackElo "2458"]
[TimeControl "180+1"]
[EndTime "15:06:45 PST"]
[Termination "ChadBiryani won on time"]

1. d4 f5 2. g3 Nf6 3. Bg2 e6 4. Nh3 Be7 5. O-O O-O 6. Nf4 d6 7.
Nc3 Qe8 8. e4 e5 9. Nfd5 Bd8 10.
dxe5 dxe5 11. exf5 Nc6 12. g4 Nd4 13. Nxf6+ Bxf6 14. Ne4 Bd7 15. c3 Nc6 16. Qb3+ Kh8 17. Qxb7 Be7 18. Be3 Rb8 19. Qxc7 Rc8 20. Qb7 Rb8 21.
Qa6 Rxb2 22. Rab1 Qb8 23. Rxb2 Qxb2 24. Nc5 Nb8 25. Qxa7 Rd8 26. Ne6 Rc8 27. Bb7 Rg8 28. Be4 Rc8 29. Bb7 Rg8 30. Be4 Rc8 31. Qa5 Qe2 32.
Qxe5 Qxg4+ 33. Kh1 Nc6 34. Bxc6 Bxc6+ 35. f3 Bxf3+ 36.
Rxf3 Qxf3+ 37. Kg1 Bf6 38. Qd6 Qxf5 39. Nf4 Bxc3 40. Nd5 Qg4+ 0-1

[Event "Late-Titled-Tuesday-Blitz-February-06-2024"]
[Site "Chess.com"]
[Date "2024.02.06"]
[Round "6"]
[White "Gryffindorac8"]
[Black "jup1978"]
[Result "1-0"]
[WhiteElo "2379"]
[BlackElo "2506"]
[TimeControl "180+1"]
[EndTime "15:06:46 PST"]
[Termination "Gryffindorac8 won by checkmate"]

1. d4 Nf6 2. c4 d6 3. Nc3 e5 4. Nf3 e4 5. Nd2 Bf5 6. e3 g6 7. Be2 h5 8. f3 Qe7 9. fxe4 Nxe4 10.
Ndxe4 Bxe4 11. Nxe4 Qxe4 12. Bf3 Qh4+ 13. g3 Qd8 14. Bxb7 Nd7 15. Bxa8 Qxa8 16. O-O Bg7 17. Qf3 O-O 18. Qxa8 Rxa8 19. Bd2 Rb8 20. Bc3 Nf6 21.
d5 Ne4 22. Bxg7 Kxg7 23. b3 f5 24. Rf4 a5 25. Rb1 Kf6 26. Rb2 Ke5 27. Kg2 Nc5 28.
Rd4 Ne4 29. a3 g5 30. b4 g4 31. Rd1 axb4 32. axb4 Ra8 33. Rc1 Ra3 34. c5 Rxe3 35.
cxd6 Kxd6 36. Rc6+ Kxd5 37. Rxc7 h4 38. b5 h3+ 39.
Kf1 Ng5 40. b6 Nf3 41. b7 Nxh2+ 42. Rxh2 Rb3 43. Rd2+ Ke4 44. Rf2 Ke3 45. Re7+ Kd3 46.
Rxf5 Rb1+ 47. Kf2 Rb2+ 48. Kg1 Rb1+ 49.
Rf1 Rb2 50. Rd1+ Kc4 51. Rc1+ Kd5 52. Rh7 Ke4 53. Kh1 Kf3 54. Rc3+ Kf2 55. Rf7+ Ke2 56. Rc8 Rb1+ 57. Kh2 Rxb7 58. Rxb7 Kf3 59. Rf7+ Ke4 60.
Re8+ Kd5 61. Rd7+ Kc6 62. Rd1 Kc5 63. Re2 Kb4 64. Rc2 Ka3 65. Rd8 Kb4 66. Rb8+ Ka3 67. Rd2 Ka4 68. Ra2# 1-0

[Event "Late-Titled-Tuesday-Blitz-February-06-2024"]
[Site "Chess.com"]
[Date "2024.02.06"]
[Round "6"]
[White "WPWPWP-2015"]
[Black "Yushko_Olga"]
[Result "1-0"]
[WhiteElo "2489"]
[BlackElo "2219"]
[TimeControl "180+1"]
[EndTime "15:06:46 PST"]
[Termination "WPWPWP-2015 won by checkmate"]

1. e4 g6 2. d4 Bg7 3. Nc3 d6 4. Nf3 Nf6 5. Bc4 O-O 6. O-O Nbd7 7. e5 dxe5 8. dxe5 Ng4 9. e6 Nb6 10. exf7+ Kh8 11. Qxd8 Rxd8 12. Bd3 e6 13. Nb5 Nd5 14. h3 Ngf6 15. Ne5 c6 16. Nd4 Nb4 17. Bg5 Nxd3 18. cxd3 Rxd4 19. Bxf6 Bd7 20. Bxg7+ Kxg7 21. f4 Rd8 22.
Rae1 Bc8 23. Re3 Rb4 24. b3 Rdd4 25. g3 a5 26. Rc1 a4 27. Rc4 axb3 28. axb3 h5 29. h4 Rdxc4 30. dxc4 Kf8 31. Kf2 Ke7 32. Rd3 Rb6 33. c5 Rb5 34. Rc3 Ra5 35. Ke3 Ra1 36. Rd3 Re1+ 37. Kd4 Rg1 38. b4 Rg2 39. Kc3 Rg1 40.
Kb2 Rg2+ 41. Ka3 Rg1 42. Rd8 Kxd8 43. f8=Q+ Kc7 44. Qd6# 1-0

[Event "Late-Titled-Tuesday-Blitz-February-06-2024"]
[Site "Chess.com"]
[Date "2024.02.06"]
[Round "6"]
[White "emeli_chess"]
[Black "Quaide7"]
[Result "0-1"]
[WhiteElo "2371"]
[BlackElo "2218"]
[TimeControl "180+1"]
[EndTime "15:06:46 PST"]
[Termination "Quaide7 won by resignation"]

1. d4 d5 2. c4 c6 3. Nc3 Nf6 4. e3 a6 5. c5 e5 6. dxe5 Nfd7 7. f4 Nxc5 8. Nf3 Bg4 9. Be2 Be7 10. O-O O-O 11.
h3 Bxf3 12. Bxf3 Nbd7 13. b4 Ne6 14. a3 a5 15. Rb1 axb4 16. axb4 Qb6 17. f5 Ng5 18.
Qd4 Qc7 19. Bxd5 Qxe5 20. Qxe5 Nxe5 21. Bb3 Bxb4 22. Bxf7+ Ngxf7 23. Rxb4 b5 24. e4 Nd3 25. Rb1 b4 26. Ne2 c5 27. Be3 c4 28. Nf4 Nfe5 29.
Bd4 b3 30. Ne6 Rfc8 31. Bc3 Ra2 32. Rfd1 Rc2 33. Bd4 Ra8 34. Ra1 Raa2 35. Rxa2 Rxa2 36. Bxe5 Nxe5 37. Rd8+ Kf7 38. Rb8 b2 39. Kh2 c3 40.
Nd4 Nc6 41. Nxc6 c2 42. Ne5+ Kf6 43. Nd3 c1=Q 44. Rb6+ Ke7 45. Nb4 b1=Q 46. Nd5+ Kd7 47. Rxb1 Qxb1 0-1

[Event "Late-Titled-Tuesday-Blitz-February-06-2024"]
[Site "Chess.com"]
[Date "2024.02.06"]
[Round "6"]
[White "falzehope0"]
[Black "HandKnit"]
[Result "0-1"]
[WhiteElo "2340"]
[BlackElo "2508"]
[TimeControl "180+1"]
[EndTime "15:06:47 PST"]
[Termination "HandKnit won by resignation"]

1. d4 Nf6 2. e3 c5 3. f4 cxd4 4. exd4 e6 5. Nf3 b6 6. Bd3 Bb7 7. Nbd2 d6 8. O-O Nbd7 9. Qe2 Be7 10. f5 exf5 11. Bxf5 O-O 12. Qe1 Rc8 13. c3 b5 14.
a3 a5 15. Qh4 g6 16. Bd3 Qb6 17. Ng5 Nh5 18. g4 Bxg5 19. Qxg5 Ng7 20. Ne4 Bxe4 21.
Bxe4 b4 22. axb4 axb4 23. Bd2 bxc3 24. bxc3 Ne6 25. Qh6 Nxd4 26. Rfb1 Ne2+ 27. Kf1 Qc5 28. Kxe2 Qc4+ 29. Bd3 Rfe8+ 30. Be3 Qxg4+ 31. Kd2 Ne5 32. Qf4 Qg2+ 33. Qf2 Qd5 34. Qe2 Nc4+ 35. Kc2 Nxe3+ 36. Kc1 Rxc3+ 37. Kd2 Qd4 38. Rc1 Nc4+ 39. Ke1 Rxe2+ 40. Bxe2 Rxc1+ 41. Rxc1 Qd2+ 42. Kf1 Qxc1+ 43. Kg2 Qd2 44. Kf2 Qe3+ 45. Kf1 Ne5 46. Ke1 d5 47. Kd1 d4 48.
Bb5 d3 49. h4 Qe2+ 0-1

[Event "Late-Titled-Tuesday-Blitz-February-06-2024"]
[Site "Chess.com"]
[Date "2024.02.06"]
[Round "6"]
[White "ProfessorChess101"]
[Black "Nouali_Mohamed"]
[Result "1-0"]
[WhiteElo "2801"]
[BlackElo "2572"]
[TimeControl "180+1"]
[EndTime "15:06:49 PST"]
[Termination "ProfessorChess101 won on time"]

1. d4 Nf6 2. c4 g6 3. Nc3 Bg7 4. e4 O-O 5. Nf3 d6 6. Be2 c5 7. O-O cxd4 8. Nxd4 Nc6 9. Be3 Nxd4 10. Bxd4 Be6 11.
b3 Qa5 12. Qd3 Nd7 13. Rfd1 a6 14. Rab1 Bxd4 15. Qxd4 Rac8 16. a4 Qg5 17. g3 a5 18.
Kg2 h5 19. h4 Qc5 20. Nb5 Ne5 21.
f4 Nc6 22. Qc3 b6 23. Rd2 Rfd8 24. Rbd1 f6 25. Nd4 Nxd4 26. Rxd4 Bf7 27. g4 e5 28. R4d2 hxg4 29. Bxg4 Rb8 30. f5 Kg7 31. Qg3 Kf8 32. Bh3 gxf5 33. Bxf5 Ke7 34. Qf2 Rg8+ 35. Kh2 Qb4 36.
Rxd6 Qxd6 37. Rxd6 Kxd6 38. Qd2+ Ke7 39. h5 Rbd8 40. Qe3 Rd1 41. h6 Rb1 42. h7 Rh8 43.
Qxb6 Rb2+ 44. Kg3 Kf8 45. Qxf6 1-0

[Event "Late-Titled-Tuesday-Blitz-February-06-2024"]
[Site "Chess.com"]
[Date "2024.02.06"]
[Round "6"]
[White "Binary010"]
[Black "Baronessa08"]
[Result "1-0"]
[WhiteElo "2823"]
[BlackElo "2525"]
[TimeControl "180+1"]
[EndTime "15:06:49 PST"]
[Termination "Binary010 won by checkmate"]

1. e4 c5 2. Nf3 Nc6 3. d4 cxd4 4. Nxd4 e5 5. Nb5 d6 6. N1c3 a6 7. Na3 Be6 8. Nc4 Rb8 9. Be3 b5 10. Nd2 Nf6 11. a4 b4 12. Nd5 Nxd5 13. exd5 Bxd5 14.
Bxa6 Bxg2 15. Rg1 Bh3 16. Bb5 Bd7 17. Nc4 Qc7 18. Qd5 Be7 19. Rxg7 Rf8 20. O-O-O Nd4 21.
Bxd7+ Qxd7 22. Bxd4 exd4 23. Re1 Kd8 24. Qa5+ Ke8 25.
Kb1 b3 26. cxb3 d3 27. Qd5 Kd8 28. Qxd3 Bf6 29. Rg3 Rb4 30. Qxd6 Qxd6 31. Nxd6 Rd4 32. Nc4 Bh4 33. Rf3 f5 34. Kc2 Kc7 35. Rd1 Re4 36. Rd2 f4 37. Rfd3 f3 38. Rd7+ Kc6 39. R2d6+ Kc5 40. Rd5+ Kc6 41. Na5+ Kb6 42. R7d6+ Kc7 43.
Rc6+ Kb8 44. Rb5+ Ka7 45. Rb7+ Ka8 46. Ra6# 1-0

[Event "Late-Titled-Tuesday-Blitz-February-06-2024"]
[Site "Chess.com"]
[Date "2024.02.06"]
[Round "6"]
[White "DonJuanEGenaro"]
[Black "BebeBonito2022"]
[Result "0-1"]
[WhiteElo "2071"]
[BlackElo "2329"]
[TimeControl "180+1"]
[EndTime "15:06:49 PST"]
[Termination "BebeBonito2022 won on time"]

1. Nf3 Nf6 2. d4 d5 3. c4 e6 4. Nc3 Bb4 5. e3 O-O 6. Bd3 dxc4 7. Bxc4 c5 8. O-O Nc6 9. a3 Ba5 10. Qe2 cxd4 11. exd4 Bb6 12. Rd1 h6 13. d5 exd5 14. Nxd5 Nxd5 15. Bxd5 Qf6 16. h3 Bd7 17. Qe4 Rad8 18.
Qf4 Qxf4 19. Bxf4 Rfe8 20. b4 Be6 21. Bxe6 Rxd1+ 22. Rxd1 Rxe6 23. g3 Re2 24. Rd2 Rxd2 25. Nxd2 Nd4 26. Nc4 Bd8 27. Be3 Bf6 28. Bxd4 Bxd4 29.
Kg2 f6 30. Kf3 Kf7 31. Ke2 Ke6 32. f4 a6 33. g4 b5 34. Nd2 Bb2 35. Nb1 Kd5 36.
Kd3 Bc1 37. f5 Bb2 38. h4 Be5 0-1

[Event "Late-Titled-Tuesday-Blitz-February-06-2024"]
[Site "Chess.com"]
[Date "2024.02.06"]
[Round "6"]
[White "Mistango"]
[Black "IraZyne"]
[Result "1-0"]
[WhiteElo "2499"]
[BlackElo "2317"]
[TimeControl "180+1"]
[EndTime "15:06:50 PST"]
[Termination "Mistango won by resignation"]

1. e4 Nf6 2. Nc3 d5 3. e5 Nfd7 4. d4 c5 5. Nxd5 cxd4 6. Qxd4 Nb6 7. c4 e6 8. Be3 exd5 9. O-O-O Nc6 10. Qd2 Bb4 11. Qc2 Nxe5 12. c5 Nbd7 13. Rxd5 O-O 14. Bb5 Qa5 15. c6 Qxa2 16. Rxd7 bxc6 17. Rd4 cxb5 18.
Rxb4 Qa1+ 19. Kd2 Be6 20. Rd4 Nc4+ 21. Ke2 Qxb2 22. Qxb2 Nxb2 23. Nf3 Bc4+ 24. Kd2 Rad8 25. Rb1 Na4 26. Ke1 Rfe8 27. Rxd8 Rxd8 28. Bxa7 f6 29. Be3 Kf7 30. Nd4 Nc3 31. Rc1 Nd5 32. Rb1 Rb8 33.
Kd2 Nxe3 34. fxe3 Rb6 35. Rb4 Ke7 36. Kc3 Kd6 37. Rb1 Kc5 38. Nc2 Re6 39. Ra1 g5 40. Ra8 h5 41. Rc8+ Rc6 42. Rf8 Kd5 43. Nb4+ Kc5 44. Nxc6 Kxc6 45. Rxf6+ Kd5 46. Rf5+ Ke4 47. Rxg5 Kxe3 48. Rxh5 1-0

[Event "Late-Titled-Tuesday-Blitz-February-06-2024"]
[Site "Chess.com"]
[Date "2024.02.06"]
[Round "6"]
[White "jefferyx"]
[Black "Seochesspie"]
[Result "1-0"]
[WhiteElo "2993"]
[BlackElo "2794"]
[TimeControl "180+1"]
[EndTime "15:06:52 PST"]
[Termination "jefferyx won on time"]

1. d4 Nf6 2. c4 g6 3. Nc3 Bg7 4.
e4 d6 5. Be2 O-O 6. Be3 a5 7.
h4 h5 8. Nh3 Bxh3 9. Rxh3 Nc6 10. d5 Ne5 11. f3 e6 12. Qd2 exd5 13. cxd5 c6 14. Rd1 cxd5 15. Nxd5 Nxd5 16. Qxd5 Qc8 17. Bd4 Qc2 18. Qb3 Qc7 19. f4 Nc6 20. Bxg7 Kxg7 21.
Qc3+ Kh7 22. Qf6 Rae8 23. f5 Ne5 24. Qxd6 Qc2 25. Re3 Qxb2 26. Qd2 Qb6 27. Qd4 Qf6 28. g3 Rd8 29. Qc5 Rxd1+ 30. Bxd1 Rd8 31. Be2 b6 32. Qc7 Rd7 33. Qc3 Qd6 34. Kf2 Qd4 35. Qxd4 Rxd4 36. Ra3 Rxe4 37. Rb3 Ra4 38. Rxb6 Rxa2 39.
Ke3 Ra3+ 40. Kf4 Nd3+ 41. Kg5 Nc5 42. g4 hxg4 43. Bxg4 Ne4+ 44. Kf4 Nf2 45. fxg6+ fxg6 46. Be6 Nd3+ 47. Kg5 Nf2 48. Rb7+ Kh8 49. Kh6 1-0